 Dungeon Crawl Stone Soup version 0.32-a0-656-g3542139ebd (webtiles) character file.

Game seed: 13658247469775000530

1864 backslashecho the Merchant of Misery (level 8, -7/62 HPs)
             Began as a Demonspawn Necromancer on Mar 8, 2024.
             Was a Believer of Kikubaaqudgha.
             Mangled by a kobold brigand
             ... wielding the +9 mace of Debt {flame, Str+3 Dex+6}
              (10 damage)
             ... on level 7 of the Dungeon.
             The game lasted 00:30:12 (8644 turns).

backslashecho the Merchant of Misery (DsNe)         Turns: 8644, Time: 00:30:13

Health: -7/62      AC: 11    Str:  8    XL:     8   Next: 90%
Magic:  14/14      EV: 12    Int: 16    God:    Kikubaaqudgha [**....]
Gold:   643        SH:  0    Dex: 16    Spells: 6/16 levels left

rFire   . . .        a - +0 dagger (venom)
rCold   . . .        (no shield)
rNeg    . . .        F - +0 leather armour
rPois   .            x - +0 helmet
rElec   .            r - +1 cloak
rCorr   .            (no gloves)
SInv    +            A - +0 pair of boots
Will    +....        (no amulet)
Stlth   ++           c - ring of willpower
HPRegen 0.30/turn    v - ring of see invisible
MPRegen 0.14/turn

%: no passive effects
@: lethally poisoned (-7 -> -11), slowed, very slow
A: hooves 1, molten scales 2, demonic guardian 2, powered by pain 1
a: Renounce Religion, Unearth Wretches


You were on level 7 of the Dungeon.
You worshipped Kikubaaqudgha.
Kikubaaqudgha was pleased with you.
You visited 2 branches of the dungeon, and saw 8 of its levels.

You collected 643 gold pieces.

Inventory:

Hand Weapons
 a - a +0 dagger of venom (weapon)
 b - a +3 dagger
Missiles
 j - 4 poisoned darts (quivered)
Armour
 r - a +1 cloak (worn)
 x - a +0 helmet (worn)
 A - a +0 pair of boots (worn)
 F - a +0 leather armour (worn)
Jewellery
 c - a ring of willpower (left hand)
 v - a ring of see invisible (right hand)
 E - a ring of positive energy
Wands
 i - a wand of polymorph (12)
 u - a wand of mindburst (10)
 z - a wand of charming (12)
Scrolls
 e - 2 scrolls of amnesia
 g - a scroll of fog {unknown}
 n - a scroll of torment {unknown}
 o - 3 scrolls of enchant armour
 s - 3 scrolls of revelation {unknown}
 w - 2 scrolls of vulnerability {unknown}
 y - a scroll of poison {unknown}
 C - a scroll of teleportation
 D - a scroll of identify
Potions
 d - a potion of magic
 f - a potion of attraction {unknown}
 k - 2 potions of curing
 l - a potion of cancellation
 m - a potion of lignification {unknown}
 p - a potion of haste {unknown}
 q - 2 potions of enlightenment {unknown}
 t - 2 potions of might
 B - a potion of heal wounds


   Skills:
 - Level 5.0 Fighting
 - Level 2.0(2.3) Short Blades
 + Level 1.9(2.3) Long Blades
 - Level 4.0 Armour
 + Level 2.0 Dodging
 - Level 2.0 Stealth
 + Level 4.5 Spellcasting
 - Level 9.0 Necromancy


You had 6 spell levels left.
You knew the following spells:

 Your Spells              Type           Power      Damage    Failure   Level
a - Necrotise             Necr           100%       1d9       1%          1
b - Dispel Undead         Necr           32%        3d14      5%          4
c - Curse of Agony        Necr           32%        N/A       16%         5

Your spell library contained the following spells:

 Spells                   Type           Power      Damage    Failure   Level
 Sublimation of Blood     Necr           32%        N/A       1%          2
 Vampiric Draining        Necr           32%        2d8       1%          3
 Kiss of Death            Conj/Necr      72%        2d10      3%          1
 Animate Dead             Necr           32%        N/A       5%          4
 Cigotuvi's Dreadful Rot  Necr/Alch/Air  26%        N/A       10%         2
 Slow                     Hex            12%        N/A       22%         1
 Confusing Touch          Hex            3%         N/A       56%         3
 Sigil of Binding         Hex            3%         N/A       56%         3


Dungeon Overview and Level Annotations

Branches:
Dungeon (7/15)             Temple (1/1) D:5

Altars:
Ashenzari
Cheibriados
Dithmenos
Fedhas
Gozag
Hepliaklqana
Kikubaaqudgha
Makhleb
Nemelex Xobeh
Okawaru
Qazlal
Ru
Sif Muna
Trog
Uskayaw
Vehumet
Wu Jian
Xom
Yredelemnul

Shops:
D:2 :

Annotations:
D:3 Grinder
D:6 3 runed translucent doors, Dynojp's ghost, amateur DsBe


Innate Abilities, Weirdness & Mutations

You have large cloven feet.
You are mostly covered in molten scales. (AC +3)
A demonic guardian rushes to your aid.
You sometimes gain a little power by taking damage.


Message History

Aim: a howler monkey (almost dead, chance to affect: 88%)
The howler monkey writhes in agony!
You kill the howler monkey!
Kikubaaqudgha accepts your kill.
The dead are walking!
You now have 10/14 mp.
Casting: Necrotise (safe; 1% risk of failure)
Confirm with . or Enter, or press ? or * to list all spells.
You can't see any susceptible monsters within range! (Use Z to cast anyway.)
A kobold brigand comes into view.
It is wielding the +9 mace of Debt {flame, Str+3 Dex+6} and quivering curare-tipped darts.
The kobold brigand shouts!
You hear a shout! x2
A kobold comes into view.
It is wielding a +0 short sword and quivering poisoned darts.
A kobold comes into view. It is wielding a +0 short sword.
The kobold brigand moves out of view.
A kobold comes into view.
It is wielding a +0 whip and quivering poisoned darts.
A kobold comes into view. It is wielding a +0 short sword.
The kobold brigand throws a curare-tipped dart.
The curare-tipped dart completely misses you.
Your howler monkey skeleton hits the kobold.
The kobold dies!
Kikubaaqudgha accepts your kill.
Casting: Necrotise (safe; 1% risk of failure)
Confirm with . or Enter, or press ? or * to list all spells.
Aiming: Necrotise (safe; 1% risk of failure)
Press: ? - help, Shift-Dir - straight line, f - kobold brigand
Aim: a kobold brigand, wielding the +9 mace of Debt {flame, Str+3 Dex+6} and quivering curare-tipped darts (chance to affect: 83%)
The kobold brigand barely resists.
The kobold throws a poisoned dart.
The poisoned dart hits you!
You are poisoned.
The kobold brigand throws a curare-tipped dart.
The curare-tipped dart barely misses you.
You now have 10/14 mp.
Casting: Necrotise (safe; 1% risk of failure)
Confirm with . or Enter, or press ? or * to list all spells.
Aiming: Necrotise (safe; 1% risk of failure)
Press: ? - help, Shift-Dir - straight line, f/p - kobold brigand
Aim: a kobold brigand, wielding the +9 mace of Debt {flame, Str+3 Dex+6} and quivering curare-tipped darts (ally target, chance to affect: 83%)
The kobold brigand writhes in agony!
You feel sick.
A kobold comes into view. It is wielding a +4 short sword.
A kobold comes into view. It is wielding a +0 dagger.
The kobold brigand throws a curare-tipped dart.
The curare-tipped dart hits you.
You are more poisoned.
You have difficulty breathing.
You feel yourself slow down.
The kobold throws a poisoned dart.
The poisoned dart hits you.
You are more poisoned.
You take 9 damage, and have 53/62 hp.
You now have 9/14 mp.
Casting: Necrotise (safe; 1% risk of failure)
Confirm with . or Enter, or press ? or * to list all spells.
Aiming: Necrotise (safe; 1% risk of failure)
Press: ? - help, Shift-Dir - straight line, f/p - kobold brigand
Aim: a kobold brigand, wielding the +9 mace of Debt {flame, Str+3 Dex+6} and quivering curare-tipped darts (moderately wounded, ally target, chance to affect: 83%)
The kobold brigand writhes in agony.
You feel extremely sick.
The kobold hits your howler monkey skeleton with a +0 short sword.
Your howler monkey skeleton closely misses the kobold.
You take 7 damage, and have 46/62 hp.
Casting: Necrotise (safe; 1% risk of failure)
Confirm with . or Enter, or press ? or * to list all spells.
Aiming: Necrotise (safe; 1% risk of failure)
Press: ? - help, Shift-Dir - straight line, f/p - kobold brigand
Aim: a kobold brigand, wielding the +9 mace of Debt {flame, Str+3 Dex+6} and quivering curare-tipped darts (moderately wounded, chance to affect: 83%)
The kobold brigand writhes in agony.
You feel very sick.
The kobold throws a poisoned dart.
The poisoned dart barely misses you.
The kobold hits your howler monkey skeleton with a +0 short sword.
Your howler monkey skeleton barely misses the kobold.
The kobold throws a poisoned dart.
The poisoned dart barely misses you.
Your howler monkey skeleton hits the kobold.
The kobold dies!
Kikubaaqudgha accepts your kill.
You take 4 damage, and have 42/62 hp.
You now have 8/14 mp.
You hit the kobold brigand.
The kobold brigand is poisoned.
The kobold brigand is severely wounded.
You feel very sick.
The kobold brigand hits you with the +9 mace of Debt!
The kobold brigand burns you.
You take 13 damage, and have 29/62 hp.
MASSIVE DAMAGE!!
You hit the kobold brigand.
The kobold brigand looks as sick as possible!
The kobold brigand is severely wounded.
You feel very sick. The kobold brigand closely misses you.
The kobold closely misses you.
You take 2 damage, and have 27/62 hp.
You barely miss the kobold brigand.
The kobold brigand is severely wounded.
You feel sick.
The kobold brigand hits you with the +9 mace of Debt!!
* * * LOW HITPOINT WARNING * * *
A demonic guardian appears!
You focus on the pain.
You feel your power returning. The kobold brigand burns you.
* * * LOW HITPOINT WARNING * * *
The kobold hits you but does no damage.
Your howler monkey skeleton hits the kobold brigand but does no damage.
The kobold hits you with a +0 short sword.
* * * LOW HITPOINT WARNING * * *
The kobold hits your howler monkey skeleton with a +0 dagger.
The kobold brigand hits you with the +9 mace of Debt!
You die...
Kikubaaqudgha rasps: You have failed me!
Welcome... death!

####............ ...
#........##.....#...#
.........##).........#
#...........#.##.....
####........#...)....
#........#.....#
##..#......ZKK.#
##.#......KK##.##
#........4@K....#
#...#.####?.....#
####### ##.....#
######


You could see a kobold brigand (extremely poisoned, ally target), 4 kobolds, a
friendly ice devil (summoned) and a friendly howler monkey skeleton.

Vanquished Creatures
  2 steam dragons
  A black bear (D:6)
  An ogre (D:6)
  A phantom (D:7)
  3 scorpions (D:5)
  Dowan (D:4)
  A howler monkey (D:7)
  A bombardier beetle (D:6)
  A quasit (D:5)
  2 hounds
  3 jellies
  2 orc priests
  A sleepcap (D:5)
  5 iguanas
  2 orc wizards
  Robin (D:4)
  8 gnolls (D:5)
  7 adders
  2 river rats (D:4)
  4 shadow imps (D:5)
  2 ufetubi (D:6)
  A ribbon worm (D:3)
  3 dart slugs
  12 orcs
  10 ball pythons
  5 endoplasms
  5 giant cockroaches
  11 goblins
  9 hobgoblins
  2 jackals (D:5)
  4 quokkas
  6 bats
  4 frilled lizards
  37 kobolds
  7 rats
167 creatures vanquished.

Vanquished Creatures (collateral kills)
  Duvessa (D:4)
  An ogre (Temple)
  A hound (D:6)
  A gnoll (D:5)
  2 ufetubi (D:5)
  A dart slug (D:1)
  2 orcs
  2 ball pythons
  A giant cockroach (D:4)
  2 goblins (D:4)
  A hobgoblin (D:5)
  4 kobolds
  2 rats (D:4)
21 creatures vanquished.

Grand Total: 188 creatures vanquished

Notes
Turn   | Place    | Note
-------+----------+-------------------------------------------
     0 | D:1      | backslashecho the Demonspawn Necromancer began the quest
                  | for the Orb.
     0 | D:1      | Reached XP level 1. HP: 13/13 MP: 3/3
   181 | D:1      | Gained mutation: You sometimes gain a little power by
                  | taking damage. [demonic ancestry]
   181 | D:1      | Reached XP level 2. HP: 14/19 MP: 0/5
   507 | D:1      | Reached skill level 1 in Short Blades
   644 | D:1      | Reached XP level 3. HP: 24/24 MP: 4/6
  1013 | D:2      | Found Cieni's Book Shoppe.
  1321 | D:2      | You fall into a shaft and drop 1 floor!
  1321 | D:3      | Found an opulent altar of Gozag.
  1645 | D:2      | Found an ancient bone altar of Kikubaaqudgha.
  1890 | D:3      | Noticed Grinder
  2250 | D:3      | Gained mutation: A weak demonic guardian rushes to your
                  | aid. [demonic ancestry]
  2250 | D:3      | Reached XP level 4. HP: 20/30 MP: 2/7
  2510 | D:3      | Reached skill level 5 in Necromancy
  2576 | D:4      | Noticed Dowan
  3103 | D:4      | Noticed Robin
  3174 | D:4      | Noticed Duvessa
  3189 | D:4      | Gained mutation: You are partially covered in molten
                  | scales. (AC +2) [demonic ancestry]
  3189 | D:4      | Reached XP level 5. HP: 11/35 MP: 4/9
  3672 | D:4      | Found a snail-covered altar of Cheibriados.
  3771 | D:4      | Reached skill level 1 in Fighting
  3872 | D:4      | Killed Robin
  4119 | D:4      | Gained mutation: A demonic guardian rushes to your aid.
                  | [demonic ancestry]
  4119 | D:4      | Reached XP level 6. HP: 44/44 MP: 7/11
  4167 | D:4      | Noticed a steam dragon
  4209 | D:4      | Killed a steam dragon
  4210 | D:4      | Reached skill level 6 in Necromancy
  4695 | D:4      | Killed Duvessa
  4696 | D:4      | Gained mutation: You are mostly covered in molten scales.
                  | (AC +3) [demonic ancestry]
  4696 | D:4      | Reached XP level 7. HP: 34/52 MP: 8/13
  4735 | D:4      | Killed Dowan
  4770 | D:5      | Entered Level 5 of the Dungeon
  5054 | D:5      | Found a staircase to the Ecumenical Temple.
  5088 | Temple   | Entered the Ecumenical Temple
  5091 | Temple   | Reached skill level 7 in Necromancy
  5122 | Temple   | Became a worshipper of Kikubaaqudgha
  5272 | D:5      | Reached skill level 1 in Armour
  5347 | D:5      | Found a bloodstained altar of Trog.
  5352 | D:5      | Found an ornate altar of the Wu Jian Council.
  5354 | D:5      | Found a burning altar of Makhleb.
  5355 | D:5      | Found a hazy altar of Hepliaklqana.
  5355 | D:5      | Found a stormy altar of Qazlal.
  5998 | D:5      | Found a broken altar of Ashenzari.
  6002 | D:5      | Saw a vision of the Shoals and the Spider Nest.
  6002 | D:5      | Noticed a merfolk
  6002 | D:5      | Noticed a merfolk siren
  6002 | D:5      | Noticed a merfolk avatar
  6002 | D:5      | Noticed a snapping turtle
  6002 | D:5      | Noticed a merfolk
  6002 | D:5      | Noticed a merfolk impaler
  6002 | D:5      | Noticed a manticore
  6002 | D:5      | Noticed a steelbarb worm
  6002 | D:5      | Noticed a demonic crawler
  6002 | D:5      | Noticed a culicivora
  6002 | D:5      | Noticed an entropy weaver
  6002 | D:5      | Noticed a torpor snail
  6002 | D:5      | Noticed a culicivora
  6003 | D:5      | Noticed a jumping spider
  6003 | D:5      | Noticed a merfolk aquamancer
  6004 | D:5      | Noticed a redback
  6004 | D:5      | Noticed a redback
  6005 | D:5      | Noticed an entropy weaver
  6006 | D:5      | Noticed a demonic crawler
  6008 | D:5      | Noticed a boulder beetle
  6008 | D:5      | Noticed a torpor snail
  6010 | D:5      | Noticed a steelbarb worm
  6010 | D:5      | Noticed a demonic crawler
  6020 | D:5      | Gained mutation: You have large cloven feet. [demonic
                  | ancestry]
  6020 | D:5      | Reached XP level 8. HP: 59/60 MP: 11/14
  6071 | D:5      | Found a blossoming altar of Fedhas.
  6151 | D:5      | Reached skill level 8 in Necromancy
  6746 | D:5      | Reached * piety under Kikubaaqudgha
  6746 | D:5      | Received a gift from Kikubaaqudgha
  7209 | D:5      | Learned a level 4 spell: Dispel Undead
  7215 | D:5      | Learned a level 5 spell: Curse of Agony
  7826 | D:6      | Reached ** piety under Kikubaaqudgha
  7939 | D:6      | Reached skill level 5 in Fighting
  7939 | D:6      | Reached skill level 9 in Necromancy
  8095 | D:6      | Reached skill level 1 in Long Blades
  8131 | D:6      | Found a runed translucent gate.
  8131 | D:6      | Found a runed translucent gate.
  8132 | D:6      | Found a runed translucent gate.
  8135 | D:6      | Noticed Dynojp's ghost (amateur DsBe)
  8150 | D:6      | Found a shadowy altar of Dithmenos.
  8634 | D:7      | Identified the +9 mace of Debt {flame, Str+3 Dex+6}
  8644 | D:7      | HP: 3/62 [kobold/+0 short sword (1)]
  8644 | D:7      | Mangled by a kobold brigand

Illustrated notes

Levels and vault maps discovered:
D:1:      wander_arrival_chamber, layout_loops_ring
D:2:      layout_basic, basic_altar, serial_shops, shop, minmay_misc_feat_x,
          grunt_ministairs_5
D:3:      layout_basic, amcnicky_altar_gilded, saegor_snake_ambush, uniq_grinder
D:4:      minmay_chambers_of_fours, layout_basic, kennysheep_slug_shrine,
          portal_sewer_entry_e, minmay_misc_feat_more_columns, uniq_duvessa,
          uniq_robin
D:5:      minmay_goblin_kobold_castle, layout_basic, grunt_ashenzari_visionary
          [grunt_ashenzari_visionary_shoals, grunt_ashenzari_visionary_spider],
          fedhas_altar_decomposition, grunt_temple_overflow_open,
          minmay_temple_entry_crystal_x, serial_demonic, serial_demonic_b,
          serial_demonic_g, serial_demonic_a, serial_demonic_b,
          serial_demonic_g, serial_demonic_d, kennysheep_flooded_box,
          minivault_19, nrook_mini_vaults, hex_tiny
D:6:      layout_basic, tso_altar, lemuel_coloured_pillars_altar,
          gammafunk_ghost_necromancy
D:7:      layout_cave_pools, uniq_prince_ribbit1
Temple:   minmay_temple_curvy_loop

Skill      XL: |  1  2  3  4  5  6  7  8 |
---------------+-------------------------+-----
Dodging        | 2 |  2.0
Stealth        | 2 |  2.0
Short Blades   | 1 2 |  2.0
Necromancy     | 5 6 7 9 |  9.0
Spellcasting   | 3 4 |  4.5
Fighting       | 1 3 4 5 |  5.0
Armour         | 2 4 |  4.0
Long Blades    | 1 |  1.9

Action                     |  1- 3 |  4- 6 |  7- 9 || total
---------------------------+-------+-------+-------++-------
  Melee: Short sword       |     8 |       |       ||     8
         Dagger            |    39 |    39 |   127 ||   205
  Throw: Dart              |       |     8 |     5 ||    13
   Cast: Necrotise         |    69 |    87 |   175 ||   331
         Dispel Undead     |       |       |     1 ||     1
  Evoke: Wand              |       |     5 |       ||     5
    Use: Scroll            |       |     6 |     2 ||     8
   Stab: Sleeping          |     1 |     1 |       ||     2
         Distracted        |       |     1 |       ||     1
 Armour: Robe              |    39 |    62 |     2 ||   103
         Ring mail         |       |       |   169 ||   169
         Leather armour    |       |       |     5 ||     5
  Dodge: Dodged            |    41 |    54 |   133 ||   228

Table legend: (Time is in decaauts)
 A = Elapsed time spent in this place.
 B = Non-inter-level travel time spent in this place.
 C = Inter-level travel time spent in this place.
 D = Time resting spent in this place.
 E = Time spent auto-exploring this place.
 F = Levels seen in this place.
 G = Mean time per level.
                   A        B        C        D        E       F      G
               +--------+--------+--------+--------+--------+-----+--------+
         Total |   8648 |   8009 |    639 |    598 |   5195 |   8 | 1081.0 |
       Dungeon |   8479 |   7871 |    608 |    497 |   5195 |   7 | 1211.3 |
        Temple |    168 |    137 |     31 |    101 |      0 |   1 |  168.0 |
               +--------+--------+--------+--------+--------+-----+--------+

Top non-repeatable levels by time:
     D:5: 1986 daAuts
     D:4: 1769 daAuts
     D:3: 1367 daAuts
     D:6: 1241 daAuts
     D:1: 1011 daAuts
     D:2: 936 daAuts
  Temple: 168 daAuts
     D:7: 167 daAuts
